 Dungeon Sprint DCSS version 0.28.0-53-g5a82cb258f (webtiles) character file.

Game seed: 8295412274643169895

2005 Zeld the Fighter (level 9, 0/96 HPs)
             Began as a Minotaur Berserker on June 2, 2022.
             Was a High Priest of Trog.
             Killed from afar by an oklob sapling (21 damage)
             ... with a splash of acid
             ... in the Dungeon (Sprint IV: "Fedhas' Mad Dash").
             The game lasted 00:03:19 (3251 turns).

Zeld the Fighter (Minotaur Berserker)               Turns: 3251, Time: 00:03:19

Health: 0/96       AC: -9    Str: 27    XL:     9   Next: 2%
Magic:  2/2        EV: 14    Int:  4    God:    Trog [*****.]
Gold:   112        SH:  0    Dex:  9    Spells: 8/8 levels left

rFire   . . .      SeeInvis .   a - +4 broad axe (antimagic)
rCold   . . .      Faith    .   (no shield)
rNeg    . . .      Spirit   .   b - +0 animal skin
rPois   .          Reflect  .   (helmet restricted)
rElec   .          Harm     .   (no cloak)
rCorr   .          Rampage  .   (no gloves)
Will    .....      NoTele   +   (no boots)
Stlth   +.........              i - amulet of invisibility {+Inv}
HPRegen 0.26/turn               (no ring)
MPRegen 0.08/turn               (no ring)

@: corroded, very slightly contaminated
A: horns 2, retaliatory headbutt
a: Renounce Religion, Evoke Invisibility, Berserk, Trog's Hand, Brothers in Arms


You were in the Dungeon.
You worshipped Trog.
Trog was extremely pleased with you.
You visited 1 branch You collected 152 gold pieces.
You spent 40 gold pieces at shops.

Inventory:

Hand Weapons
 a - a +4 antimagic broad axe (weapon)
Armour
 b - a +0 animal skin (worn)
Jewellery
 i - the amulet of invisibility (around neck) {+Inv}
   (You found it in the Dungeon)

   [amulet of nothing]

   +Inv:      It lets you turn invisible.
Wands
 l - a wand of polymorph (8)
Scrolls
 h - a scroll of blinking
Potions
 c - a potion of curing
 d - a potion of heal wounds
 e - a potion of haste
 f - 2 potions of magic
 g - a potion of berserk rage
 j - a potion of resistance {unknown}
 k - a potion of degeneration {unknown}
 m - a potion of flight {unknown}
 n - a potion of attraction {unknown}


   Skills:
 * Level 14.7 Fighting
 + Level 14.0 Axes
 + Level 10.3 Armour
 + Level 9.5 Dodging


You had 8 spell levels left.
You didn't know any spells.
Your spell library was empty.

Dungeon Overview and Level Annotations

Branches:
Dungeon (1/1)

Altars:
Cheibriados
Dithmenos
Elyvilon
Gozag
Hepliaklqana
Kikubaaqudgha
Makhleb
Nemelex Xobeh
Okawaru
Qazlal
Ru
Sif Muna
Trog
Uskayaw
Vehumet
Wu Jian
Xom
Yredelemnul
Zin
The Shining One
Beogh
Jiyva
Lugonu

Shops:
D :([*

Annotations:
D exclusions: oklob plant and oklob sapling


Innate Abilities, Weirdness & Mutations

You have a pair of horns on your head.
You reflexively headbutt those who attack you in melee.


Message History

You don't have enough magic at the moment.
You open the door.
There is an open door here.
You slash the oklob plant!
The oklob plant is lightly damaged.
You slash the oklob plant!
The oklob plant is moderately damaged.
You slice the oklob plant!!
The oklob plant is almost destroyed.
You flicker for a moment.
The oklob plant spits acid at you. The splash of acid hits you!
The acid corrodes you!
You hit the oklob plant but do no damage.
The oklob plant is severely damaged.
You hit the oklob plant.
You headbutt the oklob plant, but do no damage.
The oklob plant is almost destroyed.
The oklob plant spits acid at you. The splash of acid hits you!!
The acid corrodes you!
You hit the oklob plant.
The oklob plant is almost destroyed.
The oklob plant spits acid at you. The splash of acid hits you!!
The acid corrodes you!
You are too injured to fight recklessly!
You hit the oklob plant.
The oklob plant is almost destroyed.
You hit the oklob plant.
The oklob plant is almost destroyed.
You hit the oklob plant but do no damage.
You headbutt the oklob plant, but do no damage.
The oklob plant is almost destroyed.
You flicker back into view.
The oklob plant spits acid at you. The splash of acid hits you!
* * * LOW HITPOINT WARNING * * *
You hit the oklob plant.
The oklob plant is almost destroyed.
The oklob sapling spits acid at you. The splash of acid hits you!!
You die...

#<..P#.....#.....#.⌠._._._._.
#PP..'.(...'.#(..'.._._._._._
#PPPP#.....#.#...#..._._._._.
###############'##.._._._._._
#...♣........'...#._._._._._.
#......♣.....#...############
#.....♣..♣..######
##'####'######P)+
#..#..).'...@...#
#..#.)###....P..# #######
#########


You could see an oklob plant and an oklob sapling.

Vanquished Creatures
  An oklob plant (D)
  3 burning bushes (D)
  A queen bee (D)
  3 scorpions (D)
  4 killer bees (D)
  4 oklob saplings (D)
  2 spriggans (D)
  A river rat (D)
  3 wandering mushrooms (D)
  A rat (D)
23 creatures vanquished.

Notes
Turn   | Place    | Note
-------+----------+-------------------------------------------
     0 | D        | Zeld the Minotaur Berserker began the quest for the Orb.
     0 | D        | Reached XP level 1. HP: 19/19 MP: 0/0
    13 | D        | Reached XP level 2. HP: 27/28 MP: 1/1
    74 | D        | Noticed an oklob sapling
   512 | D        | Killed an oklob sapling
   512 | D        | Reached ** piety under Trog
   513 | D        | Reached skill level 5 in Fighting
   513 | D        | Reached skill level 5 in Axes
   513 | D        | Reached XP level 3. HP: 37/37 MP: 2/2
   515 | D        | Noticed a scorpion
   515 | D        | Found the amulet of invisibility {+Inv}
   523 | D        | Killed a scorpion
   524 | D        | Reached XP level 4. HP: 6/47 MP: 3/3
   789 | D        | Reached skill level 5 in Armour
   819 | D        | Found an opulent altar of Gozag.
   819 | D        | Found a hazy altar of Hepliaklqana.
   819 | D        | Found a burning altar of Makhleb.
   819 | D        | Found a sparkling altar of Nemelex Xobeh.
   819 | D        | Found a snail-covered altar of Cheibriados.
   819 | D        | Found a sacrificial altar of Ru.
   819 | D        | Found a shimmering blue altar of Sif Muna.
   819 | D        | Found a shimmering altar of Xom.
   819 | D        | Found a basalt altar of Yredelemnul.
   820 | D        | Found a viscous altar of Jiyva.
   820 | D        | Found a bloodstained altar of Trog.
   820 | D        | Found an ornate altar of the Wu Jian Council.
   821 | D        | Found an iron altar of Okawaru.
   821 | D        | Found a shadowy altar of Dithmenos.
   821 | D        | Found a glowing silver altar of Zin.
   822 | D        | Found a hide-covered altar of Uskayaw.
   822 | D        | Found an ancient bone altar of Kikubaaqudgha.
   823 | D        | Found a stormy altar of Qazlal.
   823 | D        | Found a glowing golden altar of the Shining One.
   823 | D        | Found a white marble altar of Elyvilon.
   824 | D        | Found a radiant altar of Vehumet.
   824 | D        | Found a corrupted altar of Lugonu.
   832 | D        | HP: 1/47 [oklob sapling priest/splash of acid (19)]
  1150 | D        | Noticed a queen bee
  1159 | D        | Reached skill level 5 in Dodging
  1159 | D        | Reached XP level 5. HP: 53/53 MP: 2/4
  1161 | D        | Reached *** piety under Trog
  1162 | D        | Killed a queen bee
  1163 | D        | Reached skill level 10 in Fighting
  1163 | D        | Reached XP level 6. HP: 67/67 MP: 2/5
  1185 | D        | Noticed an oklob plant
  1480 | D        | Killed an oklob plant
  1481 | D        | Reached XP level 7. HP: 63/77 MP: 4/6
  1579 | D        | Reached **** piety under Trog
  1642 | D        | Reached XP level 8. HP: 85/85 MP: 7/7
  1761 | D        | Found Jarrae's Weapon Shop.
  1761 | D        | Found Judiz's Book Emporium.
  1769 | D        | Noticed a burning bush
  1769 | D        | Noticed a wandering mushroom
  1771 | D        | Noticed a wandering mushroom
  1777 | D        | Reached ***** piety under Trog
  2539 | D        | Killed a burning bush
  2612 | D        | Found Geefysm's Assorted Antiques.
  2612 | D        | Found Keis's Antique Armour Shoppe.
  2722 | D        | Bought a glowing green potion for 20 gold pieces
  2722 | D        | Bought an emerald potion for 20 gold pieces
  2760 | D        | Noticed a burning bush
  2815 | D        | Killed a burning bush
  2890 | D        | Noticed a burning bush
  2890 | D        | Noticed an oklob plant
  2891 | D        | Noticed a wandering mushroom
  2903 | D        | Killed a burning bush
  2904 | D        | Reached skill level 10 in Armour
  2947 | D        | Received a gift from Trog
  2948 | D        | Reached XP level 9. HP: 84/96 MP: 6/8
  3251 | D        | Killed from afar by an oklob sapling

Illustrated notes

Levels and vault maps discovered:
D:        dungeon_sprint_fedhas [sprint_temple]

Skill      XL: |  1  2  3  4  5  6  7  8 |
---------------+-------------------------+-----
Fighting       | 4 5 7 8 10 12 14 | 14.7
Axes           | 4 5 7 8 11 12 14 | 14.0
Armour         | 3 4 5 7 8 10 | 10.3
Dodging        | 3 4 5 6 8 9 |  9.5

Action                   |  1- 3 |  4- 6 |  7- 9 || total
-------------------------+-------+-------+-------++-------
Melee: Hand axe          |    27 |    33 |    81 ||   141
       Headbutt          |     6 |    10 |    32 ||    48
       Punch             |     1 |       |     4 ||     5
       Broad axe         |       |       |    10 ||    10
Invok: Berserk           |       |     1 |     2 ||     3
       Trog's Hand       |       |     1 |       ||     1
 Abil: Evoke Invisibilit |       |     4 |     7 ||    11
 Stab: Distracted        |     1 |       |       ||     1
       Invisible         |       |     5 |     2 ||     7
       Sleeping          |       |     1 |       ||     1
Armor: Animal skin       |     3 |       |     1 ||     4
Dodge: Dodged            |     6 |    11 |    35 ||    52
